 Dungeon Crawl Stone Soup version 0.31.0-9-g3a7656b989 (webtiles) character file.

Game seed: 13692007283000006847

847 bobo the Slasher (level 8, -1/64 HPs)
             Began as a Merfolk Gladiator on Jan 25, 2024.
             Was a Follower of Dithmenos.
             Killed from afar by an orc wizard (8 damage)
             ... with a magic dart
             ... on level 5 of the Dungeon.
             The game lasted 00:09:46 (3567 turns).

bobo the Slasher (Merfolk Gladiator)                Turns: 3567, Time: 00:09:46

Health: -1/64      AC: -2    Str: 14    XL:     8   Next: 1%
Magic:  8/8        EV: 15    Int:  8    God:    Dithmenos [*.....]
Gold:   197        SH:  0    Dex: 20    Spells: 7/7 levels left

rFire   + . .        p - +6 whip of the Hawk {freeze, rF+ Dex+3 Stlth+}
rCold   . . .        (no shield)
rNeg    + . .        b - +0 leather armour
rPois   .            c - +1 helmet
rElec   .            (no cloak)
rCorr   .            (no gloves)
SInv    .            x - +0 pair of boots
Will    .....        (no amulet)
Stlth   +++          y - ring of positive energy
HPRegen 0.30/turn    (no ring)
MPRegen 0.11/turn

%: no passive effects
@: about to teleport, corroded, hasted, wreathed by umbra, very quick
A: (nimble swimmer 2), mertail
a: Renounce Religion


You were on level 5 of the Dungeon.
You worshipped Dithmenos.
Dithmenos was aware of your devotion.
You visited 1 branch of the dungeon, and saw 5 of its levels.

You collected 233 gold pieces.
You spent 36 gold pieces at shops.

Inventory:

Hand Weapons
 a - a +0 long sword
 p - the +6 whip of the Hawk (weapon) {freeze, rF+ Dex+3 Stlth+}
   (You found it on level 2 of the Dungeon)

   Dex+3:     It affects your dexterity (+3).
   rF+:       It protects you from fire.
   Stlth+:    It makes you more stealthy.
 t - the +6 spear of the Nexus {venom, rPois rC- Will+ Int+3}
   (You found it on level 2 of the Dungeon)

   Int+3:     It affects your intelligence (+3).
   rC-:       It makes you vulnerable to cold.
   rPois:     It protects you from poison Will+: It increases your willpower.
 C - a +0 flail of holy wrath
Missiles
 d - 2 throwing nets
 e - a javelin
 g - 10 poisoned darts (quivered)
Armour
 b - a +0 leather armour (worn)
 c - a +1 helmet (worn)
 x - a +0 pair of boots (worn)
Jewellery
 m - a ring of fire
 y - a ring of positive energy (left hand)
Scrolls
 i - a scroll of immolation
 j - a scroll of fog {unknown}
 l - a scroll of revelation {unknown}
 n - a scroll of blinking {unknown}
 q - a scroll of poison
 w - a scroll of enchant armour
 B - a scroll of enchant weapon {unknown}
Potions
 h - a potion of brilliance {unknown}
 k - a potion of berserk rage {unknown}
 o - a potion of mutation {unknown}
 r - a potion of might {unknown}
 s - a potion of enlightenment {unknown}
 u - 3 potions of curing
 v - a potion of attraction {unknown}
 z - a potion of heal wounds {unknown}
 A - a potion of haste


   Skills:
 * Level 6.0 Fighting
 + Level 6.6 Long Blades
 + Level 4.0 Throwing
 + Level 6.1 Dodging
 + Level 1.3 Stealth


You had 7 spell levels left.
You didn't know any spells.
Your spell library contained the following spells:

 Spells                   Type           Power      Damage    Failure   Level
 Slow                     Hex            0%         N/A       50%         1
 Confusing Touch          Hex            0%         N/A       86%         3
 Ozocubu's Armour         Ice            0%         N/A       86%         3
 Sigil of Binding         Hex            0%         N/A       86%         3
 Stone Arrow              Conj/Erth      0%         3d7       86%         3
 Vampiric Draining        Necr           0%         2d6       86%         3
 Animate Armour           Summ/Erth      0%         N/A       99%         4
 Metabolic Englaciation   Hex/Ice        0%         N/A       100%        5
 Sculpt Simulacrum        Ice/Alch       0%         N/A       100%        6
 Lehudib's Crystal Spear  Conj/Erth      0%         10d2      100%        8


Dungeon Overview and Level Annotations

Branches:
Dungeon (5/15)
 Temple: D:4-7

Altars:
Dithmenos
Ru
Vehumet

Shops:
D:3 :   D:4 !


Innate Abilities, Weirdness & Mutations

((You are very nimble when in or above water. (Stealth+, EV+, Speed+++)))
Your lower body shifts to a powerful aquatic tail in water.


Message History

An orc comes into view.
It is wielding a +0 short sword and carrying a wand of acid.
Something hits you but does no damage.
You hit the orc. You freeze the orc.
The orc is moderately wounded.
You hear some strange, mumbled words.
Something tries to affect you, but you resist.
The orc zaps a wand.
The bolt of acid hits you. The acid corrodes you! Something hits you.
The orc misses you.
You closely miss the orc.
The orc is moderately wounded.
You hear some strange, mumbled words.
A puff of flame appears from out of thin air!
The puff of flame hits you. You resist. The orc misses you. Something hits you.
You feel yourself speed up. Something hits you.
The orc zaps a wand.
The bolt of acid hits you! The acid corrodes you!
The bolt of acid hits something.
The acid corrodes something!
The orc barely misses you. Something hits you.
* * * LOW HITPOINT WARNING * * *
You hear a shout!
As you read the scroll of teleportation, it crumbles to dust.
You feel strangely unstable. Something barely misses you. Something hits you.
* * * LOW HITPOINT WARNING * * *
The orc misses you.
You hit the orc. You freeze the orc.
The orc is heavily wounded.
Something hits you.
* * * LOW HITPOINT WARNING * * *
You hit the orc but do no damage.
The orc is heavily wounded.
The orc completely misses you. Something barely misses you.
You hit the orc. You freeze the orc.
You kill the orc!
Dithmenos accepts your kill. Something hits you.
* * * LOW HITPOINT WARNING * * *
An orc wizard comes into view. It is wielding a +0 dagger.
You hear some strange, mumbled words.
A magic dart appears from out of thin air!
The magic dart hits you!
You die...

.#### #................
....######.>......$.......
###.....#................#
#####...........<.....#
###..............##
#..............##
####..o.......##
##..#o){..### #.###@{)...#
#.# ###....... ..#
##...... #.#. ...... ..
..... #. ..#.. ## .


You could see an orc wizard and an orc.

Vanquished Creatures
  Edmund (D:4)
  An ice beast (D:4)
  An ogre (D:4)
  A scorpion (D:5)
  A howler monkey (D:5)
  A bombardier beetle (D:5)
  A jelly (D:5)
  2 orc priests
  3 hounds
  Jessica (D:2)
  2 iguanas (D:4)
  Natasha (twice) (D:3)
  5 adders
  3 dart slugs (D:2)
  7 orcs
  6 ball pythons
  4 bats
  4 endoplasms
  3 giant cockroaches
  9 hobgoblins
  7 kobolds
  A quokka (D:1)
  6 frilled lizards
  3 goblins
  A rat (D:2)
76 creatures vanquished.

Notes
Turn   | Place    | Note
-------+----------+-------------------------------------------
     0 | D:1      | bobo the Merfolk Gladiator began the quest for the Orb.
     0 | D:1      | Reached XP level 1. HP: 16/16 MP: 1/1
   131 | D:1      | Reached XP level 2. HP: 19/23 MP: 2/2
   151 | D:1      | Found a faded altar of an unknown god.
   535 | D:1      | You fall into a shaft and drop 1 floor!
   780 | D:2      | Reached XP level 3. HP: 23/28 MP: 3/3
  1012 | D:2      | Identified the +6 whip of the Hawk {freeze, rF+ Dex+3
                  | Stlth+}
  1291 | D:2      | Found a shadowy altar of Dithmenos.
  1331 | D:2      | Became a worshipper of Dithmenos the Shadowed
  1374 | D:2      | Noticed Jessica
  1380 | D:2      | Killed Jessica
  1381 | D:2      | Reached XP level 4. HP: 35/35 MP: 4/4
  1394 | D:2      | Identified the +6 spear of the Nexus {venom, rPois rC-
                  | Will+ Int+3}
  1868 | D:3      | Noticed Natasha
  1877 | D:3      | Killed Natasha
  2006 | D:3      | Noticed Natasha
  2014 | D:3      | Killed Natasha
  2015 | D:3      | Reached XP level 5. HP: 42/42 MP: 5/5
  2050 | D:3      | Reached skill level 5 in Long Blades
  2187 | D:3      | Found Begaj's Book Shoppe.
  2238 | D:4      | Found Xoeraado's Distillery.
  2242 | D:4      | Reached * piety under Dithmenos
  2246 | D:4      | Noticed Edmund
  2271 | D:4      | Killed Edmund
  2272 | D:4      | Reached skill level 5 in Dodging
  2272 | D:4      | Reached XP level 6. HP: 19/49 MP: 6/6
  2385 | D:4      | Bought a potion of curing for 36 gold pieces
  2479 | D:4      | Found a sacrificial altar of Ru.
  2485 | D:4      | Found a radiant altar of Vehumet.
  2754 | D:4      | Reached skill level 5 in Fighting
  2754 | D:4      | Reached XP level 7. HP: 56/56 MP: 7/7
  2996 | D:5      | Entered Level 5 of the Dungeon
  3300 | D:5      | Reached skill level 1 in Stealth
  3554 | D:5      | Reached XP level 8. HP: 64/64 MP: 8/8
  3567 | D:5      | Killed from afar by an orc wizard

Illustrated notes

Levels and vault maps discovered:
D:1:      denvon_arrival_planthouse, layout_rooms,
          shapermc_ecumenical_altar_venn, minivault_19, dk_noncrumbling_2,
          wad_floor_pattern_untrapped, minmay_split_cup_small
D:2:      layout_basic, basic_altar, uniq_jessica
D:3:      layout_rooms, serial_shops, shop, grunt_ministairs_10,
          glass_columns_a, uniq_natasha
D:4:      layout_basic, minitemple, serial_shops, shop, uniq_edmund
D:5:      kennysheep_steamy, layout_cave_pods, minmay_misc_feat_rugged

Skill      XL: |  1  2  3  4  5  6  7 |
---------------+----------------------+-----
Long Blades    | 4 5 6 |  6.6
Fighting       | 3 4 5 6 |  6.0
Throwing       | 3 4 |  4.0
Dodging        | 5 6 |  6.1
Stealth        | 1 |  1.3

Action                     |  1- 3 |  4- 6 |  7- 9 || total
---------------------------+-------+-------+-------++-------
  Melee: Long sword        |    79 |       |    14 ||    93
         Whip              |     8 |    79 |    48 ||   135
         Spear             |       |       |     6 ||     6
  Throw: Dart              |     3 |    14 |       ||    17
         Throwing net      |       |     1 |       ||     1
    Use: Scroll            |       |       |     6 ||     6
         Potion            |       |       |     1 ||     1
   Stab: Sleeping          |     4 |     8 |     1 ||    13
 Armour: Leather armour    |    51 |    31 |    48 ||   130
  Dodge: Dodged            |    76 |    64 |    63 ||   203
